[Event "SixDays Budapest March GM A 2025"]
[Site "Budapest"]
[Date "2025.03.27"]
[Round "6.5"]
[White "Jake Shanty"]
[Black "Zia, Tahsin Tajwar"]
[Result "0-1"]
[Annotator "RC"]
[ECO "D38"]
[WhiteElo "2336"]
[BlackElo "2327"]
[PlyCount "110"]
[EventDate "2025.03.23"]
[EventCountry "HUN"]
[SourceTitle "playchess.com"]
[Source "ChessBase"]
[SourceQuality "1"]
[TimeControl "5400+30"]

1. d4 d5 2. c4 e6 3. Nf3 Nf6 4. Nc3 Bb4 5. Bg5 Nbd7 6. e3 c5 7. Qb3 Qa5 8. Bxf6 Nxf6 9. a3 Bxc3+ 10. Qxc3 Qxc3+ 11. bxc3 Bd7 12. Ne5 Rc8 13. Rb1 b6 14. cxd5 Nxd5 15. Ba6 Rc7 16. Kd2 f6 17. Nxd7 Kxd7 18. e4 Ne7 19. Rhd1 Rd8 20. Ke3 Ke8 21. Rbc1 Kf7 22. a4 g5 23. f3 Nc6 24. Bb5 Ke7 25. Bxc6 Rxc6 26. d5 exd5 27. exd5 Rc7 28. c4 Kd6 29. Re1 Re7+ 30. Kd2 Rde8 31. g4 Re5 32. Rb1 R8e7 33. Rxe5 fxe5 34. a5 bxa5 35. Ra1 e4 36. Rxa5 exf3 37. Ra6+ Ke5 38. Ke3 h5 39. gxh5 g4 40. h6 Kf5+ 41. Re6 Rb7 42. Re8 Rb3+ 43. Kf2 Rb2+ 44. Kg1 Rg2+ 45. Kh1 Rd2 46. Kg1 Rg2+ 47. Kh1 Re2 48. Re6 Rb2 49. Re1 Rb6 50. h7 Rh6 51. Re7 g3 52. Rf7+ Ke4 53. Re7+ Kf4 54. Kg1 f2+ 55. Kf1 gxh2 0-1

[Event "SixDays Budapest March GM A 2025"]
[Site "Budapest"]
[Date "2025.03.28"]
[Round "7.1"]
[White "Zia, Tahsin Tajwar"]
[Black "Moldagali, Beksultan"]
[Result "0-1"]
[Annotator "RC"]
[ECO "A13"]
[WhiteElo "2327"]
[BlackElo "2398"]
[PlyCount "96"]
[EventDate "2025.03.23"]
[EventCountry "HUN"]
[SourceTitle "playchess.com"]
[Source "ChessBase"]
[SourceQuality "1"]
[TimeControl "5400+30"]

1. c4 e6 2. g3 d5 3. Bg2 Nf6 4. Nf3 Nc6 5. O-O Bd6 6. b3 O-O 7. Bb2 dxc4 8. bxc4 e5 9. d3 Re8 10. Nbd2 a5 11. Rc1 Bc5 12. Nb3 Bf8 13. a4 Bg4 14. h3 Bd7 15. e4 Ra6 16. Ra1 Bc8 17. Ne1 Nd7 18. f4 Nc5 19. Nc1 f6 20. Nf3 Qd6 21. Nh4 Rd8 22. Nf5 Bxf5 23. exf5 e4 24. Ra3 Rb6 25. Ba1 Ne7 26. Qg4 Nxd3 27. Ra2 Rb1 28. Nxd3 Rxf1+ 29. Bxf1 exd3 30. Rd2 Qc5+ 31. Kh2 Qe3 32. Bc3 Nc6 33. h4 Bb4 34. Bxf6 Qxd2+ 35. Kh3 Rd7 36. h5 Qe1 37. Bg2 Kf8 38. Qg5 gxf6 39. Qxf6+ Rf7 40. Qh8+ Ke7 41. Bd5 d2 42. f6+ Kd6 43. Bxf7 Qh1+ 44. Kg4 d1=Q+ 45. Kg5 Kc5 46. Qxh7 Qh3 47. Qe4 Qd4 48. Qf3 Bc3 0-1

[Event "SixDays Budapest March GM A 2025"]
[Site "Budapest"]
[Date "2025.03.28"]
[Round "7.2"]
[White "Berczes, David"]
[Black "Jake Shanty"]
[Result "1/2-1/2"]
[Annotator "RC"]
[ECO "A46"]
[WhiteElo "2408"]
[BlackElo "2336"]
[PlyCount "113"]
[EventDate "2025.03.23"]
[EventCountry "HUN"]
[SourceTitle "playchess.com"]
[Source "ChessBase"]
[SourceQuality "1"]
[TimeControl "5400+30"]

1. d4 Nf6 2. Nf3 e6 3. e3 b6 4. Bd3 Bb7 5. O-O Be7 6. c4 O-O 7. Nc3 d5 8. cxd5 Nxd5 9. e4 Nxc3 10. bxc3 c5 11. Bb2 Nd7 12. Qe2 Rc8 13. Rfd1 Qc7 14. Nd2 Nf6 15. a4 Rfd8 16. f3 cxd4 17. cxd4 Bb4 18. Rdc1 Qe7 19. Nc4 Rc7 20. Ne5 Rxc1+ 21. Rxc1 Ba3 22. Rc4 Bxb2 23. Qxb2 Ne8 24. Qc3 h5 25. Bf1 Qd6 26. Nc6 Bxc6 27. Rxc6 Qe7 28. e5 g6 29. f4 Ng7 30. Bb5 Nf5 31. Rc7 Qf8 32. Bd7 Ne7 33. Qa3 Nd5 34. Qxf8+ Kxf8 35. Rxa7 Nxf4 36. Kf2 Nd5 37. g3 Ke7 38. Bc6+ Kf8 39. Bd7 Ne7 40. Rb7 Nf5 41. d5 exd5 42. Bxf5 gxf5 43. Rxb6 Ra8 44. Rb4 Ke7 45. Ke3 Ke6 46. Kd4 Ra5 47. Rb6+ Ke7 48. Rb7+ Ke6 49. Rb4 Ra8 50. Rb6+ Ke7 51. Rh6 Rxa4+ 52. Kxd5 h4 53. Rxh4 Rxh4 54. gxh4 f4 55. Ke4 f6 56. exf6+ Kxf6 57. Kxf4 1/2-1/2

[Event "SixDays Budapest March GM A 2025"]
[Site "Budapest"]
[Date "2025.03.28"]
[Round "7.3"]
[White "Aczel, Gergely"]
[Black "Uskov, Artem"]
[Result "1/2-1/2"]
[Annotator "TA"]
[ECO "E46"]
[WhiteElo "2487"]
[BlackElo "2461"]
[PlyCount "43"]
[EventDate "2025.03.23"]
[EventCountry "HUN"]
[SourceTitle "playchess.com"]
[Source "ChessBase"]
[SourceQuality "1"]
[TimeControl "5400+30"]

1. d4 Nf6 2. c4 e6 3. Nc3 Bb4 4. e3 O-O 5. Bd2 d5 6. Nf3 b6 7. cxd5 exd5 {[%emt 0:00:06] The position is equal.} 8. Rc1 {[%emt 0:00:05] E51: Nimzo-Indian: Rubinstein: 4...0-0 5 Nf3 d5.} Bb7 9. Bd3 Be7 {[%emt 0:00:06] 9...Re8 is becoming the main line.} 10. O-O c5 11. dxc5 bxc5 12. Re1 Re8 13. Qb3 Qb6 {[%emt 0:00:12] Not much happened in this game.   Weighted Error Value: White=0.02 (flawless) /Black=0.10 (very precise)   OK:         	White=4     	Black=2} {Predecessor:} 14. e4 $146 Qxb3 15. axb3 dxe4 16. Nxe4 Nxe4 17. Bxe4 Bxe4 18. Rxe4 Nc6 19. Be3 Rab8 20. Bxc5 Bxc5 21. Rxe8+ Rxe8 22. Rxc5 {½-½ Sargsyan,S (2661)-Ganguly,S (2608) Biel HTO 55th 2022 (6)} 1/2-1/2

[Event "SixDays Budapest March GM A 2025"]
[Site "Budapest"]
[Date "2025.03.28"]
[Round "7.4"]
[White "Borgaonkar Akshay"]
[Black "Pap, Misa"]
[Result "1/2-1/2"]
[Annotator "TA"]
[ECO "C42"]
[WhiteElo "2418"]
[BlackElo "2457"]
[PlyCount "38"]
[EventDate "2025.03.23"]
[EventCountry "HUN"]
[SourceTitle "playchess.com"]
[Source "ChessBase"]
[SourceQuality "1"]
[TimeControl "5400+30"]

1. e4 e5 2. Nf3 Nf6 3. Nxe5 d6 4. Nf3 Nxe4 5. d4 d5 6. Bd3 Bd6 7. O-O O-O 8. c4 c6 9. Nc3 Nxc3 10. bxc3 {[%emt 0:00:09] C42: Petroff Defence: 3 Nxe5 and unusual White 3rd moves.} dxc4 11. Bxc4 Bf5 {OK:         	---       	Black=2} {Predecessor:} 12. Bg5 $146 Qa5 13. Nh4 Be6 14. Bxe6 Qxg5 15. Nf3 Qa5 16. Bh3 Qxc3 17. Rb1 b6 18. Qe2 Qa5 19. d5 cxd5 {0-1 Vachier Lagrave,M (2735)-Erigaisi,A (2797) London WR Masters 2024 (4.3)} 1/2-1/2

[Event "SixDays Budapest March GM A 2025"]
[Site "Budapest"]
[Date "2025.03.28"]
[Round "7.5"]
[White "Ostrovskiy, Aleksandr"]
[Black "Rohrer, Christophe"]
[Result "0-1"]
[Annotator "RC"]
[ECO "C71"]
[WhiteElo "2394"]
[BlackElo "2266"]
[PlyCount "80"]
[EventDate "2025.03.23"]
[EventCountry "HUN"]
[SourceTitle "playchess.com"]
[Source "ChessBase"]
[SourceQuality "1"]
[TimeControl "5400+30"]

1. e4 e5 2. Nf3 Nc6 3. Bb5 a6 4. Ba4 d6 5. c4 Bg4 6. h3 Bxf3 7. Qxf3 Nf6 8. d3 Be7 9. O-O O-O 10. Be3 Nd7 11. Qg4 Re8 12. Nc3 Nf8 13. f4 exf4 14. Qxf4 Bf6 15. Nd5 Re6 16. Rad1 Ne5 17. Bb3 Nfg6 18. Qf5 Nd7 19. d4 c6 20. Nc3 c5 21. dxc5 Re5 22. Qf3 Nxc5 23. Bc2 Qf8 24. Nd5 Bd8 25. b4 Ne6 26. Qg4 Bg5 27. Rf5 Bxe3+ 28. Nxe3 a5 29. a3 axb4 30. axb4 Ra3 31. Nd5 Ra2 32. Bd3 Nd4 33. Rf2 Rxf2 34. Kxf2 Qd8 35. Qg3 h5 36. Re1 h4 37. Qe3 Nf5 38. Qb6 Qg5 39. Re2 Qg3+ 40. Kf1 Qxd3 0-1

[Event "SixDays Budapest March GM A 2025"]
[Site "Budapest"]
[Date "2025.03.28"]
[Round "8.1"]
[White "Moldagali, Beksultan"]
[Black "Rohrer, Christophe"]
[Result "1/2-1/2"]
[Annotator "RC"]
[ECO "C71"]
[WhiteElo "2398"]
[BlackElo "2266"]
[PlyCount "160"]
[EventDate "2025.03.23"]
[EventCountry "HUN"]
[SourceTitle "playchess.com"]
[Source "ChessBase"]
[SourceQuality "1"]
[TimeControl "5400+30"]

1. e4 e5 2. Nf3 Nc6 3. Bb5 a6 4. Ba4 d6 5. Nc3 Bd7 6. Bxc6 Bxc6 7. d4 f6 8. O-O Ne7 9. Nh4 g6 10. f4 exf4 11. d5 Bd7 12. Bxf4 Bg7 13. Nf3 O-O 14. Qd2 Rf7 15. a4 Kh8 16. a5 Qf8 17. Nd4 Qc8 18. Rae1 Ng8 19. Nf3 Qf8 20. Na2 Re8 21. Qb4 Bc8 22. Nc1 Nh6 23. Nd3 Ng4 24. c4 Ne5 25. Nfxe5 fxe5 26. Be3 Rxf1+ 27. Rxf1 Qe7 28. Qd2 Rf8 29. Rxf8+ Qxf8 30. Ba7 Bd7 31. Qb4 Qc8 32. Be3 Kg8 33. Qc3 Qd8 34. Qe1 Bf6 35. Nb4 Bh4 36. Qd2 Bf6 37. Na2 Bg7 38. b4 Qh4 39. Nc3 Qd8 40. Qf2 Qf8 41. Bg5 Qxf2+ 42. Kxf2 Kf7 43. Bd8 c6 44. Bc7 Bf8 45. Ke3 Ke8 46. Kd3 Bg4 47. dxc6 bxc6 48. b5 cxb5 49. cxb5 Bc8 50. Kc4 Kd7 51. Nd5 Bb7 52. Bb6 Bh6 53. Nf6+ Ke6 54. Nd5 Kd7 55. bxa6 Bxa6+ 56. Kc3 Bb7 57. Kd3 Ba6+ 58. Kc2 Bb7 59. Kd1 Bg5 60. Ke2 Bd8 61. Nc3 Bxb6 62. axb6 Kc6 63. Nd5 Kc5 64. Nf6 Kxb6 65. Ke3 h5 66. Nd7+ Kc6 67. Nf8 d5 68. Nxg6 d4+ 69. Kd3 Kd6 70. Nh4 Ba6+ 71. Kd2 Ke6 72. Nf5 Kf6 73. h4 Bf1 74. g3 Ba6 75. Nd6 Ke7 76. Nf5+ Kf6 77. Kc2 Bb5 78. Nd6 Bc6 79. Kd3 Ke6 80. Nf5 Kf6 1/2-1/2

[Event "SixDays Budapest March GM A 2025"]
[Site "Budapest"]
[Date "2025.03.28"]
[Round "8.2"]
[White "Pap, Misa"]
[Black "Ostrovskiy, Aleksandr"]
[Result "1/2-1/2"]
[Annotator "TA"]
[ECO "B12"]
[WhiteElo "2457"]
[BlackElo "2394"]
[PlyCount "114"]
[EventDate "2025.03.23"]
[EventCountry "HUN"]
[SourceTitle "playchess.com"]
[Source "ChessBase"]
[SourceQuality "1"]
[TimeControl "5400+30"]

1. e4 c6 2. d4 d5 3. e5 Bf5 4. h4 h5 5. Bd3 Bxd3 6. Qxd3 {[%emt 0:00:04][%cal Oe5e6] B12: Caro-Kann: Advance Variation.} Qa5+ $1 {[%emt 0:00:24][%mdl 4] is currently scoring better than 6...e6.} 7. Nd2 e6 8. Ngf3 Nh6 9. O-O Nf5 10. Nb3 Qa6 11. Qd1 b6 12. Bg5 c5 13. a4 Nc6 14. c3 Rc8 15. Re1 Rc7 $146 (15... Be7 16. Bxe7 Ncxe7 17. g3 O-O 18. Nc1 cxd4 19. cxd4 Nc6 20. Ra3 Qc4 21. Rc3 Qa6 {0-1 Swiercz,D (2640)-Firouzja,A (2786) Titled Tuesday intern op 13th Jun Late blitz 2023 (9)}) 16. Re2 Rc8 17. g3 Rc7 18. Kg2 Rc8 19. a5 Qb5 20. axb6 axb6 21. Rd2 Be7 22. Nc1 Bxg5 23. Nxg5 cxd4 24. cxd4 g6 25. Ne2 Kf8 26. Nc3 Qb4 27. Ra4 Qe7 28. Nb5 Kg7 29. Rd3 Qd7 30. Nc3 Na5 31. Rb4 Nc4 32. Na4 Qe7 33. Rb5 Qe8 34. Rb4 Qe7 35. Qe1 Qa7 36. b3 Na3 (36... b5 $6 37. Rxb5 Na3 (37... Nxd4 $2 38. Rxd4 Qxd4 39. bxc4 $18) 38. Ra5 $16) 37. Rxb6 Nc2 {[%emt 0:00:27] Wards off Qb4} 38. Qd2 Rc7 (38... Rhe8 $14) 39. Rb5 (39. Rxe6 $1 $16 Ncxd4 (39... fxe6 $2 40. Nxe6+ Kh7 41. Nxc7 $18) 40. Rb6) 39... Rhc8 $1 $14 (39... Ncxd4 $2 40. Ra5 Qb8 41. Rxd4 $18) 40. Nf3 (40. Rc5 $1 $16 Rxc5 41. dxc5) 40... Rc6 $11 41. Ra5 Qc7 {[%emt 0:00:29] [#]} (41... Qe7 $11) 42. Rc5 (42. b4 $1 $16 {Rc5 is the strong threat.} Rb8 43. Nc5 Rxb4 44. Ra8 Rxc5 45. dxc5 Qxc5 46. Rc3) 42... Ncxd4 $1 43. Nxd4 (43. Rxc6 {seems wilder.} Nxc6 44. Rc3 Qb8 45. Nc5) 43... Nxd4 44. Rxd4 Rxc5 45. Nxc5 Qxc5 {[%emt 0:00:02][%mdl 4096] Endgame KQR-KQR} 46. b4 Qb5 47. Qg5 Rc4 48. Qf6+ Kg8 49. Qd8+ Kg7 50. Qf6+ Kg8 51. Rf4 Rxf4 52. Qxf4 {[%emt 0:00:05] KQ-KQ} Qb6 53. g4 hxg4 54. Qxg4 Kf8 55. Kg1 (55. h5 $11 {keeps the balance.}) 55... d4 $17 56. b5 {[%emt 0:00:09] [#]} Qxb5 (56... d3 $1 $17 {[%cal Ob6c5] White must now prevent ...Qc5!.} 57. h5 Qxb5 58. hxg6 Qxe5 59. gxf7 Kxf7) 57. Qxd4 $11 Kg7 {[%emt 0:00:29] Weighted Error Value: White=0.13 (very precise) /Black=0.12 (very precise)   Mistake:       	White=4     	Black=3      Inaccurate:     	---       	Black=1      OK:         	White=15    	Black=20     Best:        	White=1     	Black=1      Strong:       	---       	Black=2} 1/2-1/2

[Event "SixDays Budapest March GM A 2025"]
[Site "Budapest"]
[Date "2025.03.28"]
[Round "8.3"]
[White "Uskov, Artem"]
[Black "Borgaonkar Akshay"]
[Result "1-0"]
[Annotator "TA"]
[ECO "B40"]
[WhiteElo "2461"]
[BlackElo "2418"]
[PlyCount "71"]
[EventDate "2025.03.23"]
[EventCountry "HUN"]
[SourceTitle "playchess.com"]
[Source "ChessBase"]
[SourceQuality "1"]
[TimeControl "5400+30"]

1. e4 c5 2. Nf3 e6 3. d4 cxd4 4. Nxd4 Nf6 5. Nc3 Nc6 6. a3 d6 7. Be3 Be7 {[%emt 0:00:17] B45: Sicilian Four Knights.} 8. Qe2 e5 9. Nb3 Ng4 {[%emt 0:01:34] The position is equal.} 10. O-O-O Nxe3 11. fxe3 (11. Qxe3 $2 Bg5 $19) 11... O-O 12. h4 $146 (12. Kb1 Rb8 13. Qe1 a6 14. Nd5 b5 15. h4 Be6 16. g3 a5 17. c3 Qd7 18. Be2 {0-1 Caruana,F (2804)-Zemlyanskii,I (2492) Titled Tuesday intern op 30th Jan Early blitz 2024 (10)}) 12... a6 (12... Bxh4 $2 13. Qh5 $18) 13. Kb1 b5 (13... Bxh4 $2 14. Qh5 $18) 14. Nd5 $1 Be6 15. g4 Rb8 16. g5 a5 17. Qd2 a4 18. Nc1 {[%emt 0:01:16] Excellent horsemanship.} Qc8 19. Na2 Bd8 20. Bd3 Qb7 21. c3 Ne7 22. Bc2 Nxd5 23. exd5 Bg4 24. Rdf1 g6 (24... f5 $14) 25. Qg2 $16 Qd7 26. Nb4 Bh5 27. Nc6 Rb7 28. Bd1 {[%emt 0:01:14] White has more active pieces.} Bxd1 29. Rxd1 f5 (29... Bb6 $16) 30. gxf6 Bxf6 31. h5 $36 {[%emt 0:01:11][%cal Bh4h5,Bh5h6][%mdl 2080] White is really pushing.} Qf5+ {[%emt 0:01:11] This costs Black the game.} (31... Qe8 $16 {might work better.} 32. Qg4 Qc8 33. Qe6+ Qxe6 34. dxe6 Be7 35. Nxe7+ Rxe7) 32. e4 $18 Qg5 33. Qe2 {[%emt 0:02:09] [#] Rdg1 is the strong threat.} Rg7 $2 (33... Qh6 34. Ka2 g5) 34. h6 {[%emt 0:00:47] White is clearly winning.} Rgf7 35. Rdg1 Qf4 36. Rg4 {[%emt 0:00:06] Weighted Error Value: White=0.10 (very precise) /Black=0.37  Mistake:       	---       	Black=4      Inaccurate:     	White=3     	Black=3      OK:         	White=10    	Black=7      Best:        	White=3     	Black=1      Strong:       	White=1     	---} ({Stronger than} 36. Qxb5 Qxe4+ 37. Ka2 Bh4 $15) 1-0

[Event "SixDays Budapest March GM A 2025"]
[Site "Budapest"]
[Date "2025.03.28"]
[Round "8.4"]
[White "Jake Shanty"]
[Black "Aczel, Gergely"]
[Result "1/2-1/2"]
[Annotator "TA"]
[ECO "D37"]
[WhiteElo "2336"]
[BlackElo "2487"]
[PlyCount "144"]
[EventDate "2025.03.23"]
[EventCountry "HUN"]
[SourceTitle "playchess.com"]
[Source "ChessBase"]
[SourceQuality "1"]
[TimeControl "5400+30"]

1. d4 Nf6 2. c4 e6 3. Nf3 d5 4. Nc3 Nbd7 5. Bf4 dxc4 6. e3 $1 {[%emt 0:00:16] D37: Queen's Gambit Declined: 5 Bf4.} b5 {[%emt 0:00:06] 6...b5 is setting a new trend.} 7. Nxb5 Bb4+ 8. Nc3 $1 {[%emt 0:02:08] White is slightly better. White is more active.} Nd5 9. a3 Nxc3 10. Qd2 Bxa3 11. Qxc3 Bd6 12. Bxd6 (12. Bxc4 $14 Bxf4 13. exf4) 12... cxd6 $11 13. Bxc4 O-O 14. O-O Bb7 15. Be2 Qb6 16. Rfc1 Rfc8 {[%emt 0:00:15] Wards off Qc7} 17. Qa3 h6 $146 ({Predecessor:} 17... Bxf3 18. Bxf3 Rab8 19. h4 Rxc1+ 20. Rxc1 Qxb2 21. Qxb2 Rxb2 22. Rc7 Nf8 23. Rxa7 d5 {½-½ So,W (2794)-Anand,V (2779) London Classic 8th 2016 (5)}) 18. Nd2 {[%emt 0:09:58] Black must now prevent Nc4.} Bd5 19. Bf1 Nf6 20. h3 a5 21. Nc4 Bxc4 22. Rxc4 Rxc4 23. Bxc4 Rc8 24. Bf1 g5 25. Qxa5 Qxb2 26. Qa3 Qxa3 27. Rxa3 {[%emt 0:00:08][%mdl 4096] Endgame KRB-KRN} Rc2 28. g4 h5 29. gxh5 Nxh5 30. Bg2 d5 31. Bf3 Nf6 32. Kg2 $1 Kg7 33. Ra7 Kg6 34. Ra8 Rb2 35. Rd8 Kg7 36. Rc8 Ng8 37. Rc7 Kg6 38. Rd7 Rb6 39. Bd1 f5 40. Rc7 Ra6 41. Bc2 Kf6 42. Bd1 Kg6 43. Bc2 Ra2 44. Bb3 Rb2 45. Rb7 Rd2 46. Rc7 Nf6 47. Rc2 Rd3 48. Rb2 Ne4 49. Ba4 Kf6 50. Bd7 Ke7 51. Bc8 Rc3 52. Ba6 Kf6 53. Be2 $1 f4 54. Kf3 e5 55. Rb6+ Kf5 56. Bb5 $1 Nf6 {[%emt 0:01:21] Inhibits Bd7+.} (56... exd4 $2 {is the wrong capture.} 57. Bd7+ Ke5 58. Re6+ Kf5 59. Rxe4+ $18) 57. dxe5 Kxe5 58. Rb7 d4 59. Rg7 Kf5 60. Ke2 (60. Re7 $1 $11 {was the only way to keep the balance.}) 60... Rc2+ (60... dxe3 $17 61. Bd3+ Ne4 62. fxe3 f3+ 63. Kxf3 Rxd3) 61. Kf3 Rc3 $2 {[%emt 0:00:04] Dodges Bd3+} (61... Ne4 $11 62. Rf7+ Ke6) 62. Ke2 $19 fxe3 $2 (62... dxe3 $19 {Strongly threatening ...Rc2+.} 63. Bd3+ Ne4 64. fxe3 f3+ 65. Kxf3 Rxd3) 63. Bd3+ $11 Kf4 {[%emt 0:00:15] [#]} 64. fxe3+ dxe3 65. Rf7 Rc6 66. Ra7 Re6 67. Ra5 {[%emt 0:00:14] The position is equal.} g4 68. hxg4 Nxg4 69. Rf5+ Kg3 70. Rf3+ Kh4 71. Bf5 Rb6 72. Bxg4 Kxg4 {[%emt 0:00:06] Weighted Error Value: White=0.11 (very precise) /Black=0.10 (very precise)   Missed win:     	---       	Black=1      Mistake:       	White=2     	Black=2      Inaccurate:     	White=4     	Black=5      OK:         	White=31    	Black=19     Best:        	White=2     	---        Strong:       	White=4     	---} 1/2-1/2

[Event "SixDays Budapest March GM A 2025"]
[Site "Budapest"]
[Date "2025.03.28"]
[Round "8.5"]
[White "Zia, Tahsin Tajwar"]
[Black "Berczes, David"]
[Result "1/2-1/2"]
[Annotator "RC"]
[ECO "D55"]
[WhiteElo "2327"]
[BlackElo "2408"]
[PlyCount "41"]
[EventDate "2025.03.23"]
[EventCountry "HUN"]
[SourceTitle "playchess.com"]
[Source "ChessBase"]
[SourceQuality "1"]
[TimeControl "5400+30"]

1. d4 Nf6 2. c4 e6 3. Nc3 d5 4. Bg5 Be7 5. Nf3 O-O 6. e3 h6 7. Bxf6 Bxf6 8. Rc1 c6 9. h4 Nd7 10. g4 g6 11. g5 hxg5 12. hxg5 Bg7 13. cxd5 exd5 14. Bd3 Re8 15. Kd2 c5 16. Rh4 cxd4 17. exd4 Nf8 18. Qb3 Ne6 19. Qxd5 Bd7 20. Bb5 Bxb5 21. Qxd8 1/2-1/2

[Event "SixDays Budapest March GM A 2025"]
[Site "Budapest"]
[Date "2025.03.29"]
[Round "9.1"]
[White "Berczes, David"]
[Black "Moldagali, Beksultan"]
[Result "0-1"]
[Annotator "RC"]
[ECO "A06"]
[WhiteElo "2408"]
[BlackElo "2398"]
[PlyCount "88"]
[EventDate "2025.03.23"]
[EventCountry "HUN"]
[SourceTitle "playchess.com"]
[Source "ChessBase"]
[SourceQuality "1"]
[TimeControl "5400+30"]

1. Nf3 d5 2. g3 Bg4 3. Bg2 c6 4. O-O Nd7 5. h3 Bh5 6. d3 Ngf6 7. Qe1 e5 8. e4 Bd6 9. Nh4 O-O 10. Nf5 Bc7 11. Nc3 Bg6 12. Nh4 Nc5 13. exd5 Nxd5 14. Nxg6 hxg6 15. Nxd5 cxd5 16. b4 Na4 17. c4 e4 18. cxd5 Qf6 19. Ba3 Be5 20. dxe4 Bxa1 21. Qxa1 Rfe8 22. Qd1 b5 23. Bc1 Rac8 24. Be3 Nc3 25. Qd3 Rc4 26. Bxa7 Nxa2 27. Qd2 Nxb4 28. Rb1 Ra8 29. e5 Qxe5 30. d6 Rd8 31. Re1 Qc3 32. Qxc3 Rxc3 33. Bb6 Rxd6 34. Ba5 Rb3 35. h4 Nd3 36. Re8+ Kh7 37. Re7 Rf6 38. h5 Rb1+ 39. Kh2 Nxf2 40. Bc3 Rf5 41. hxg6+ Kxg6 42. g4 Nxg4+ 43. Kg3 Rb3 44. Be4 Nh6 0-1

[Event "SixDays Budapest March GM A 2025"]
[Site "Budapest"]
[Date "2025.03.29"]
[Round "9.2"]
[White "Aczel, Gergely"]
[Black "Zia, Tahsin Tajwar"]
[Result "1/2-1/2"]
[Annotator "TA"]
[ECO "D35"]
[WhiteElo "2487"]
[BlackElo "2327"]
[PlyCount "157"]
[EventDate "2025.03.23"]
[EventCountry "HUN"]
[SourceTitle "playchess.com"]
[Source "ChessBase"]
[SourceQuality "1"]
[TimeControl "5400+30"]

1. d4 d5 2. c4 e6 3. Nc3 Nf6 4. cxd5 exd5 5. Bg5 Bb4 6. e3 h6 7. Bh4 g5 {[%emt 0:00:05] D35: Queen's Gambit Declined: Exchange Variation.} 8. Bg3 Ne4 9. Nge2 h5 {[%emt 0:00:13] White is slightly better.} 10. h3 (10. h4 $14) 10... Nc6 (10... Bxc3+ $11 11. Nxc3 Nxg3 12. fxg3 Be6) 11. Bh2 $1 $14 Qf6 12. f3 Nxc3 13. bxc3 $146 (13. Nxc3 $14 Bf5 14. Bb5 Bxc3+ 15. bxc3) (13. Nxc3 Bf5 14. Bb5 O-O-O 15. O-O Bd6 16. Bxd6 Qxd6 17. Bxc6 Qxc6 18. Rc1 Kb8 19. Qb3 {0-1 Erigaisi,A (2701)-Abdusattorov,N (2731) Chessable Masters Div 2 Win rapid 2023 (2.2)}) 13... Bd6 $11 14. Bxd6 Qxd6 15. h4 Qe7 (15... gxh4 $11 16. Kf2 Ne7) 16. Kf2 (16. Qb3 $14) 16... gxh4 (16... Bf5 $15) 17. Nf4 $14 {[%emt 0:00:07] White sacrificed a pawn} Be6 (17... Qg5 $11) 18. Bb5 (18. Qb3 $1 $16 O-O-O 19. Rb1) 18... Qg5 19. Qg1 {[%emt 0:11:51][%mdl 1024] White has compensation.} a6 20. Ba4 b5 (20... O-O-O $1 $11 {remains equal.}) 21. Bc2 $16 Qg3+ 22. Ke2 Rg8 23. Qf2 $1 (23. Nxh5 $6 Qxg2+ 24. Qf2 O-O-O $11) 23... h3 24. gxh3 (24. Qxg3 $16 Rxg3 25. gxh3) 24... h4 {[%emt 0:05:05] [#]} (24... Qxf2+ $1 $14 25. Kxf2 h4) 25. Rag1 ({Better is} 25. Qxg3 $1 $16 Rxg3 26. Rag1) 25... Qxf2+ $14 26. Kxf2 Ke7 ({Black should try} 26... Kd7 $14) 27. e4 $16 Kd6 28. exd5 Bxd5 29. Nxd5 Kxd5 30. Bb3+ Kd6 31. Bxf7 Rxg1 32. Rxg1 {[%emt 0:00:02][%mdl 4096] Endgame KRB-KRN. White is a pawn up.} (32. Kxg1 Rf8 33. Bh5 Ne7 $11 (33... b4 34. cxb4 Nxb4 35. Kf2 $11)) 32... Ne7 {[%emt 0:00:01] Against Rg6+} 33. Rg4 Rh8 34. Ke3 {[%emt 0:04:02] White is more active.} a5 35. Ke4 (35. c4 $142) 35... Rf8 36. Rf4 {[%emt 0:00:29] Hoping for Rf6+.} Nc8 {[%emt 0:03:11] [#]} (36... c6 $14) 37. Bg6 (37. Bb3 $1 $16 Rxf4+ 38. Kxf4) 37... Rg8 $14 38. Rf6+ Ke7 39. Kf5 Nd6+ 40. Kg5 b4 41. cxb4 axb4 42. d5 Ra8 43. Rf4 (43. Re6+ $14 Kd7 44. Re2 (44. Kxh4 Rxa2 45. f4 Rg2 $15)) 43... Rxa2 $11 44. Rxb4 Rg2+ $1 45. Rg4 (45. Kxh4 $2 {loses.} Rxg6 46. Rf4 Rg1 $19) 45... Rg3 46. f4 Rxh3 47. Rxh4 Rg3+ 48. Rg4 Rh3 49. Rg1 Rh2 50. Re1+ Kd7 51. f5 Rd2 52. f6 Rxd5+ 53. Kh6 Rd2 54. f7 Nxf7+ 55. Bxf7 $14 {[%emt 0:00:02] KRB-KR} c5 56. Be6+ Kc6 57. Kg5 Rd4 58. Kf5 c4 59. Ke5 Kc5 60. Rc1 Rh4 61. Bf5 Kb4 62. Be4 Kc5 63. Rb1 Rh5+ 64. Kf4 Kd4 65. Rd1+ Kc3 66. Rc1+ Kd4 67. Rd1+ Kc3 68. Rd8 Rh4+ 69. Ke3 Rh3+ 70. Ke2 Rh2+ 71. Ke3 Rh3+ 72. Bf3 Kc2 {[%emt 0:00:20] The position is equal.} 73. Ke2 Rh2+ 74. Ke3 c3 75. Bg4 Kc1 76. Bf5 c2 77. Rc8 Kb2 78. Rb8+ Kc3 79. Rc8+ {[%emt 0:00:18] White really could win this.   Weighted Error Value: White=0.24 (precise) /Black=0.24 (precise)   Mistake:       	White=9     	Black=8      Inaccurate:     	White=6     	Black=6      OK:         	White=27    	Black=31     Best:        	White=1     	Black=7      Strong:       	White=2     	Black=1} 1/2-1/2

[Event "SixDays Budapest March GM A 2025"]
[Site "Budapest"]
[Date "2025.03.29"]
[Round "9.3"]
[White "Borgaonkar Akshay"]
[Black "Jake Shanty"]
[Result "1-0"]
[Annotator "RC"]
[ECO "C42"]
[WhiteElo "2418"]
[BlackElo "2336"]
[PlyCount "113"]
[EventDate "2025.03.23"]
[EventCountry "HUN"]
[SourceTitle "playchess.com"]
[Source "ChessBase"]
[SourceQuality "1"]
[TimeControl "5400+30"]

1. e4 e5 2. Nf3 Nf6 3. Nxe5 d6 4. Nf3 Nxe4 5. Bd3 Nf6 6. O-O Be7 7. h3 O-O 8. c3 d5 9. Bc2 Bd6 10. d4 Re8 11. Re1 Nbd7 12. Bg5 h6 13. Bh4 c6 14. Nbd2 b6 15. Nf1 Ba6 16. Bg3 Qc7 17. Bxd6 Qxd6 18. Ne3 g6 19. a4 Qc7 20. Qc1 Qf4 21. a5 Bb5 22. Qd1 Kh7 23. g3 Qc7 24. b3 Ba6 25. axb6 axb6 26. Qd2 Bb7 27. Rxa8 Bxa8 28. Kg2 c5 29. Ng4 Rxe1 30. Qxh6+ Kg8 31. Nxf6+ Nxf6 32. Nxe1 Ne4 33. Qe3 Bb7 34. Bxe4 dxe4 35. Nc2 cxd4 36. Nxd4 Qd7 37. g4 Qd6 38. c4 Qe5 39. Ne2 Qd6 40. Ng3 Qd1 41. Kh2 Qd6 42. h4 Qe7 43. Kh3 Qf6 44. b4 Qe6 45. c5 bxc5 46. bxc5 Qd5 47. h5 Kh7 48. Qf4 Qe6 49. Qd6 Qb3 50. hxg6+ fxg6 51. c6 Ba6 52. Qe7+ Kg8 53. Qxe4 Kf7 54. Kg2 Bc4 55. Qf4+ Ke6 56. Ne4 Qc3 57. Nxc3 1-0